 Dungeon Crawl Stone Soup version 0.9.0-27-g8a39726 character file.

74 TreeSeer the Charmwright (level 3, -10/27 HPs)
             Began as a Merfolk Skald on Nov 8, 2011.
             Killed from afar by Jessica (13 damage)
             ... with a wand of frost
             ... on Level 2 of the Dungeon.
             The game lasted 00:09:41 (1019 turns).

TreeSeer the Charmwright (Merfolk Skald)            Turns: 1019, Time: 00:09:41

HP -10/27        AC  3     Str 13      XL: 3   Next:  4%
MP   4/4         EV 10     Int 11      God:
Gold 49          SH  0     Dex 13      Spells:  2 memorised,  2 levels left

Res.Fire  : . . .   See Invis. : .   r - +2,+0 elf spear
Res.Cold  : . . .   Warding    : . . s - +0 leather armour
Life Prot.: . . .   Conserve   : .   (no shield)
Res.Acid. : . . .   Res.Corr.  : .   (no helmet)
Res.Poison: .       Clarity    : .   (no cloak)
Res.Elec. : .       Spirit.Shd : .   (no gloves)
Sust.Abil.: . .     Stasis     : .   (no boots)
Res.Mut.  : .       Ctrl.Telep.: .   (no amulet)
Res.Rott. : .       Levitation : .   (no ring)
Saprovore : . . .   Ctrl.Flight: .   (no ring)

@: not resistant to hostile enchantments, unstealthy
A: change form in water
a: no special abilities


You were on level 2 of the Dungeon.
You were not hungry.

You visited 1 branch of the dungeon, and saw 2 of its levels.

You collected 29 gold pieces.

Inventory:

Hand weapons
 a - a +0,+0 spear
 e - a +2,+2 dagger of venom (quivered)
 i - a +0,+0 quarterstaff
 r - a +2,+0 elven spear (weapon)
Missiles
 q - 30 +0 arrows
Armour
 b - a +0 leather armour
 s - a +0 leather armour (worn)
Comestibles
 d - 2 bread rations
 g - a pear
 m - a meat ration
Scrolls
 f - a scroll of remove curse {unknown}
 j - 2 scrolls of identify {unknown}
 l - a scroll of teleportation {unknown}
 n - a scroll of enchant armour {unknown}
 p - 2 scrolls of fog {unknown}
Potions
 h - a potion of slowing {unknown}
 k - a potion of agility {unknown}
 o - a potion of restore abilities {unknown}
Books
 c - a book of War Chants

   Spells                             Type                      Level
   Fire Brand                         Charms/Fire                  2
   *Freezing Aura                     Charms/Ice                   2
   *Shroud of Golubria                Charms/Translocation         2
   Repel Missiles                     Charms/Air                   2
   Poison Weapon                      Charms/Poison                3
   Regeneration                       Charms/Necromancy            3


   Skills:
 + Level 2 Fighting
 + Level 3 Polearms
 + Level 1 Dodging
 + Level 2 Spellcasting
 + Level 4 Charms


You had 2 spell levels left.
You knew the following spells:

 Your Spells              Type           Power        Success   Level  Hunger
a - Freezing Aura         Ice/Chrm       ##........   Good        2    Choko
b - Shroud of Golubria    Chrm/Tloc      ##........   Good        2    Choko

Dungeon Overview and Level Annotations

Branches:
Dungeon (2/27)

Altars:


Message History

You climb downwards.
There is a stone staircase leading up here.
Found a glowing elven spear.
You see here a glowing elven spear.
r - a glowing elven spear Wield which item (- for none, * to show all)? (? for menu, Esc to quit)
r - an uncursed glowing elven spear (weapon)
Jessica comes into view.
She is wielding a glowing elven dagger.
Jessica shouts!
Found a scroll labeled CLITZU ZIRO.
Jessica is nearby!
Jessica zaps a wand.
The puff of frost hits you!
Ouch! That really hurt!
Jessica zaps a wand.
The puff of frost hits you!
* * * LOW HITPOINT WARNING * * *
Jessica zaps a wand.
The puff of frost hits you!
* * * LOW HITPOINT WARNING * * *
A bat comes into view.
Jessica zaps a wand.
The puff of frost hits you!
You die...

.##.# #.##.#
##@##.#
#..##.#
#.@##.###
#.?......♣
#.#.#.## ♣
##.#.#..##♣♣
........@.♣♣
.....##.#.♣♣
.##..##.#.♣♣
.....##.#.♣♣
.##.###...♣♣
.##.# #.#.♣♣
.##.###.#.♣♣
..........♣♣
###.###.#.#♣


You could see Jessica.

Vanquished Creatures
  A giant mite (D:2)
  A giant gecko (D:1)
  2 goblins (D:1)
  2 hobgoblins (D:1)
  2 kobolds (D:1)
  A small snake (D:1)
  5 bats (D:1)
  4 giant newts (D:1)
18 creatures vanquished.

Vanquished Creatures (others)
  A hobgoblin (D:1)
  2 toadstools (D:1)
3 creatures vanquished.

Grand Total: 21 creatures vanquished

Notes
Turn   | Place    | Note
--------------------------------------------------------------
     0 | D:1      | TreeSeer, the Merfolk Skald, began the quest for the Orb.
     0 | D:1      | Reached XP level 1. HP: 16/16 MP: 1/1
   229 | D:1      | Reached skill level 4 in Charms
   229 | D:1      | Reached XP level 2. HP: 20/22 MP: 3/3
   233 | D:1      | Learned a level 2 spell: Freezing Aura
   237 | D:1      | Learned a level 2 spell: Shroud of Golubria
   973 | D:2      | Reached XP level 3. HP: 25/27 MP: 4/4
  1011 | D:2      | Noticed Jessica
  1019 | D:2      | Killed from afar by Jessica
